cohdb
Replays
Latest Replays
All Replays
Popular Replays
Top Player Replays
Match Explorer
How It Works
Community
CoH3 Stats
Reddit
Sign in to upload your games and track your stats! →
Sign in with Steam
Match 45416268
Unlisted
Match 45416268
Overview
Messages
Build Orders
End
250 Light Carrier
Panzergrenadier Squad
Panzergrenadier Squad
Construct Light Support Kompanie
Panzergrenadier Squad
Selects Italian Infantry
MG34 Team
Construct Mechanized Kompanie
Marder III Tank Destroyer
Selects Guastatori Squad
Selects Registered Artillery
2.5-tonne Medical Truck
Veteran Squad Leaders
Marder III Tank Destroyer
Selects Defensive Operations
Support Armor Elements
Construct Panzerarmee Kommand
Selects Towed Cannone da 105/28 Field Howitzer
Construct Panzerarmee Kommand
Towed Cannone da 105/28 Field Howitzer
Rounin Power
我杀你是给足你面子
ejzlddl
天生领袖血狼破军
alex You
Chaotic
Deep Blue Fish
RitraXP
0
0
Comments
sign in to comment!
No comments posted yet!